 Dungeon Crawl Stone Soup version 0.27-a0-279-gdfb9265905 (webtiles) character file.

Game seed: 8131433063922146886

146 Foxy the Skirmisher (level 5, -10/57 HPs)
             Began as an Ogre Fighter on Feb 8, 2021.
             Mangled by Sigmund
             ... wielding a +0 scythe
              (13 damage)
             ... on level 3 of the Dungeon.
             The game lasted 00:03:04 (2887 turns).

Foxy the Skirmisher (Ogre Fighter)                  Turns: 2887, Time: 00:03:05

Health: -10/57     AC:  3    Str: 20    XL:     5   Next: 28%
Magic:  5/5        EV:  8    Int:  9    God:
Gold:   92         SH:  8    Dex:  9    Spells: 4/4 levels left

rFire    . . .     SeeInvis .   a - +0 trident
rCold    . . .     Faith    .   c - +0 kite shield
rNeg     . . .     Spirit   .   d - +0 robe (curse)
rPois    .         Reflect  .   (helmet restricted)
rElec    .         Harm     .   (no cloak)
rCorr    .         Rampage  .   (gloves unavailable)
Will     .....                  (boots unavailable)
Stlth    +.........             g - amulet of magic regeneration
HPRegen  0.19/turn              (no ring)
MPRegen  0.34/turn              (no ring)

@: no status effects
A: large, unfitting armour, tough skin 1
a: no special abilities


You were on level 3 of the Dungeon.
You visited 1 branch of the dungeon, and saw 3 of its levels.

You collected 92 gold pieces.

Inventory:

Hand Weapons
 a - a +0 trident (weapon)
Missiles
 n - 31 poisoned darts (quivered)
Armour
 c - a +0 kite shield (worn)
 d - a cursed +0 robe (worn)
Jewellery
 g - an amulet of magic regeneration (around neck)
Scrolls
 b - a scroll of fear {unknown}
 f - 4 scrolls of remove curse
 h - a scroll of enchant armour {unknown}
 i - 2 scrolls of teleportation
 k - a scroll of fog {unknown}
 m - a scroll of enchant weapon {unknown}
 o - a scroll of noise {unknown}
Potions
 e - a potion of brilliance
 j - a potion of cancellation
 l - a potion of lignification


   Skills:
 + Level 5.1 Fighting
 * Level 4.0 Polearms
 - Level 2.6 Dodging
 + Level 3.5 Shields


You had 4 spell levels left.
You didn't know any spells.
Your spell library was empty.

Dungeon Overview and Level Annotations

Branches:
Dungeon (3/15)

Altars:
Qazlal
Yredelemnul

Annotations:
D:3 Sigmund


Innate Abilities, Weirdness & Mutations

You are too large for most types of armour.
You have tough skin. (AC +1)


Message History

Press: ? - help, Q - select action Shift-Dir - straight line You throw a poisoned dart.
You hear some strange, mumbled words.
A puff of flame appears from out of thin air!
The puff of flame hits you.
* * * LOW HITPOINT WARNING * * *
Throw: 32 darts (poison)
Press: ? - help, Q - select action Shift-Dir - straight line You throw a poisoned dart.
Something hits you!
* * * LOW HITPOINT WARNING * * *
Unknown command.
Throw: 31 darts (poison)
Press: ? - help, Q - select action Shift-Dir - straight line, f - you
Okay, then.
Okay, then.
You hit something. You block something's attack.
You closely miss something. You block something's attack.
You miss something. Something hits you!
You die...

#.. #.# ##.##
#...# ###.#.#####
####...#.....# ##
#....#####...####.
#(##...#.......##.
#@####.#..........
#{# #.<.......#..
#.# #####...###..
#.# #...###.. #.#
####....... #.#
...#####.. #(.
...# #.. ### ...
#.. #.# #..


There were no monsters in sight!

Vanquished Creatures
  An orc priest (D:2)
  An orc wizard (D:2)
  3 adders (D:2)
  2 oozes
  A worm (D:2)
  5 orcs
  3 bats
  4 giant cockroaches
  4 goblins
  8 hobgoblins
  6 kobolds
  A quokka (D:2)
  4 frilled lizards
  2 gnoll zombies (D:2)
  3 rats
48 creatures vanquished.

Notes
Turn   | Place    | Note
-------+----------+-------------------------------------------
     0 | D:1      | Foxy the Ogre Fighter began the quest for the Orb.
     0 | D:1      | Reached XP level 1. HP: 24/24 MP: 1/1
   283 | D:1      | Reached XP level 2. HP: 32/32 MP: 2/2
   982 | D:2      | Reached XP level 3. HP: 39/40 MP: 3/3
   988 | D:2      | Found a basalt altar of Yredelemnul.
  1352 | D:2      | Found a stormy altar of Qazlal.
  1527 | D:2      | Reached XP level 4. HP: 16/49 MP: 4/4
  1536 | D:2      | Reached skill level 5 in Fighting
  1536 | D:2      | Reached XP level 5. HP: 10/57 MP: 5/5
  2863 | D:3      | Noticed Sigmund
  2887 | D:3      | Mangled by Sigmund

Illustrated notes

Levels and vault maps discovered:
D:1:      zelgadis_glass_arrival_small, layout_basic
D:2:      cheibrodos_pilgrimage, layout_basic, lemuel_zombie_altar_yredelemnul,
          nicolae_qazlal_general_emergency
D:3:      layout_loops_ring, minmay_strange_pillars, uniq_sigmund

Skill      XL: |  1  2  3  4  5 |
---------------+----------------+-----
Shields        | 3 |  3.5
Polearms       | 3 4 |  4.0
Fighting       | 5 |  5.1
Dodging        | |  2.6

Action                   |  1- 3 |  4- 6 || total
-------------------------+-------+-------++-------
Melee: Trident           |   104 |    69 ||   173
Throw: Dart              |     1 |    10 ||    11
  Use: Potion            |     1 |       ||     1
       Scroll            |       |     5 ||     5
 Stab: Sleeping          |       |     1 ||     1
Armor: Robe              |    18 |     5 ||    23
Dodge: Dodged            |    31 |    19 ||    50
Block: Kite shield       |    37 |    14 ||    51

Table legend: (Time is in decaauts)
 A = Elapsed time spent in this place.
 B = Non-inter-level travel time spent in this place.
 C = Inter-level travel time spent in this place.
 D = Time resting spent in this place.
 E = Time spent auto-exploring this place.
 F = Levels seen in this place.
 G = Mean time per level.
                   A        B        C        D        E       F      G
               +--------+--------+--------+--------+--------+-----+--------+
         Total |   2946 |   2799 |    147 |    265 |   2110 |   3 |  982.0 |
       Dungeon |   2946 |   2799 |    147 |    265 |   2110 |   3 |  982.0 |
               +--------+--------+--------+--------+--------+-----+--------+

Top non-repeatable levels by time:
     D:2: 1867 daAuts
     D:1: 972 daAuts
     D:3: 107 daAuts
